 Dungeon Crawl Stone Soup version 0.14.0-19-g73085dc (webtiles) character file.

418 oshikia the Poker (level 6, -12/47 HPs)
             Began as a Demonspawn Gladiator on Apr 21, 2014.
             Mangled by an orc
             ... wielding a +2,+0 hand axe of electrocution
              (16 damage)
             ... on Level 4 of the Dungeon.
             The game lasted 00:05:50 (2800 turns).

oshikia the Poker (Demonspawn Gladiator)            Turns: 2800, Time: 00:05:51

HP -12/47        AC  4     Str 15      XL: 6   Next:  2%
MP   6/6         EV 13     Int 10      God:
Gold 145         SH  0     Dex 15      Spells:  0 memorised,  5 levels left

rFire  . . .     SeeInvis .     a - +0 trident
rCold  . . .     Clarity  .     b - +1 leather armour
rNeg   . . .     Conserve .     (no shield)
rPois  .         rCorr    .     (helmet restricted)
rElec  .         rRot     .     (no cloak)
SustAb . .       Spirit   .     (no gloves)
rMut   .         Warding  .     (no boots)
Saprov . . .     Stasis   .     p - amulet of rage
MR     +....                    n - ring of teleport control
                                l - ring of protection from magic

@: somewhat resistant to hostile enchantments, unstealthy
A: horns 1, powered by death 1
a: Evoke Berserk Rage, Evoke Teleport Control


You were on level 4 of the Dungeon.
You were very hungry.

You visited 1 branch of the dungeon, and saw 4 of its levels.

You collected 145 gold pieces.

Inventory:

Hand weapons
 a - a +0,+0 trident (weapon)
Missiles
 d - 3 throwing nets
 q - 6 javelins of returning (quivered)
Armour
 b - a +1 leather armour (worn)
 c - a +0 helmet
Magical devices
 w - a wand of disintegration (17) {unknown}
Comestibles
 f - a bread ration
 i - 16 grapes
 s - a pear
 u - a choko
Scrolls
 e - a scroll of recharging
 g - a scroll of enchant armour
 j - a scroll of random uselessness
 k - a scroll of magic mapping {unknown}
 o - 3 scrolls of identify
 t - 2 scrolls of remove curse {unknown}
Jewellery
 h - a +1 ring of protection {unknown}
 l - a ring of protection from magic (left hand)
 n - a ring of teleport control (right hand)
 p - an amulet of rage (around neck)
Potions
 v - 2 potions of brilliance


   Skills:
 + Level 3.1 Fighting
 * Level 4.4 Polearms
 + Level 3.0 Throwing
 + Level 3.6 Dodging


You had 5 spell levels left.
You didn't know any spells.

Dungeon Overview and Level Annotations

Branches:
Dungeon (4/15)
 Temple: D:4-7

Altars:


Innate Abilities, Weirdness & Mutations

You have a pair of small horns on your head.
You can steal the life force of nearby defeated enemies.


Message History

The orc closely misses you. The orc barely misses you.
You closely miss the orc wizard.
The orc wizard is heavily wounded.
The orc wizard closely misses you. The orc closely misses you.
The orc hits you. The orc wizard completely misses you.
You hit the orc wizard.
The orc wizard is heavily wounded.
The orc wizard hits you but does no damage.
The orc misses you. The orc hits you with a runed hand axe.
You are electrocuted!
* * * LOW HITPOINT WARNING * * *
You are too injured to fight recklessly!
You hit the orc wizard but do no damage.
The orc wizard is heavily wounded.
The orc wizard gestures wildly while chanting.
The orc wizard blinks!
The orc closely misses you.
The orc hits you with a hand axe of electrocution.
* * * LOW HITPOINT WARNING * * *
You are electrocuted!
You die...

############
#.#.#<<<..#....#
#.............###
...........(.....#
.........o..@)...#
...........oo§.$.....
...................
............!.....
.................
...............
........... (........
...


You could see an orc wizard and 2 orcs.

Vanquished Creatures
  A centaur (D:3)
  The ghost of oshikia the Poker, a weakling DsGl (D:3)
  An orc priest (D:3)
  Ijyb (D:2)
  4 adders
  2 giant mites (D:3)
  2 giant geckos (D:2)
  An ooze (D:1)
  9 orcs
  10 bats
  11 goblins
  3 hobgoblins
  2 giant cockroaches (D:1)
  2 giant newts (D:1)
  3 kobolds
  4 rats
57 creatures vanquished.

Notes
Turn   | Place    | Note
--------------------------------------------------------------
     0 | D:1      | oshikia, the Demonspawn Gladiator, began the quest for the Orb.
     0 | D:1      | Reached XP level 1. HP: 16/16 MP: 1/1
   298 | D:1      | Gained mutation: You can steal the life force of nearby defeated enemies. [demonic ancestry]
   298 | D:1      | Reached XP level 2. HP: 22/22 MP: 2/2
   301 | D:1      | Reached skill level 3 in Dodging
  1068 | D:2      | Reached XP level 3. HP: 22/27 MP: 3/3
  1156 | D:2      | Noticed Ijyb
  1199 | D:2      | Killed Ijyb
  1397 | D:2      | Reached XP level 4. HP: 31/34 MP: 4/4
  1500 | D:3      | Noticed oshikia's ghost (weakling DsGl)
  2221 | D:3      | Noticed a centaur
  2225 | D:3      | Killed a centaur
  2225 | D:3      | Reached skill level 4 in Polearms
  2225 | D:3      | Reached XP level 5. HP: 12/40 MP: 5/5
  2440 | D:3      | Paralysed by a potion of paralysis for 3 turns
  2459 | D:3      | Killed oshikia's ghost
  2459 | D:3      | Gained mutation: You have a pair of small horns on your head. [demonic ancestry]
  2459 | D:3      | Reached XP level 6. HP: 45/47 MP: 6/6
  2800 | D:4      | Mangled by an orc

Action                   |  1- 3 |  4- 6 || total
-------------------------+-------+-------++-------
Melee: Trident           |   164 |   100 ||   264
Throw: Javelin           |       |    13 ||    13
  Use: Scroll            |     6 |       ||     6
       Potion            |       |     5 ||     5
